 Dungeon Crawl Stone Soup version 0.31-a0-845-g9abc20d24f (webtiles) character file.

Game seed: 15676154391809466253

11473 randomguy2701 the Tainter (level 11, -4/83 HPs)
             Began as a Gnoll Wanderer on Oct 2, 2023.
             Was an Initiate of Gozag.
             Slain by an orc knight
             ... wielding a +2 great sword
              (24 damage)
             ... on level 10 of the Dungeon.
             The game lasted 00:22:52 (11418 turns).

randomguy2701 the Tainter (Gnoll Wanderer)         Turns: 11418, Time: 00:22:53

Health: -4/83      AC: 13    Str:  9    XL:     11   Next: 78%
Magic:  4/22       EV: 33    Int: 16    God:    Gozag
Gold:   1639       SH:  0    Dex: 26    Spells: 19/24 levels left

rFire   . . .        y - +10 falchion of Ambiguity {spect, rPois Dex+3 Stlth+}
rCold   . . .        (no shield)
rNeg    . . .        J - +2 leather armour of the Candlemaker {Will+ Dex+3}
rPois   +            m - +2 hat
rElec   .            (no cloak)
rCorr   .            t - +1 pair of gloves
SInv    +            M - +2 pair of boots
Will    +....        k - amulet of the acrobat
Stlth   +++++        o - +6 ring of dexterity
HPRegen 0.33/turn    z - ring of see invisible
MPRegen 0.18/turn

%: acrobat
@: acrobatic
A: fangs 1, strong nose, distributed training
a: Renounce Religion, Potion Petition, Call Merchant, Bribe Branch


You were on level 10 of the Dungeon.
You worshipped Gozag.
Gozag was most pleased with you.
You visited 2 branches of the dungeon, and saw 12 of its levels.
You also visited: Ossuary.

You collected 2570 gold pieces.
You spent 248 gold pieces at shops.
You paid 683 gold pieces to Gozag.

Inventory:

Hand Weapons
 y - the +10 falchion of Ambiguity (weapon) {spect, rPois Dex+3 Stlth+}
   (You bought it in a shop on level 5 of the Dungeon)

   Dex+3:     It affects your dexterity (+3).
   rPois:     It protects you from poison Stlth+: It makes you more stealthy.
Missiles
 E - 10 throwing nets
Armour
 m - a +2 hat (worn)
 t - a +1 pair of gloves (worn)
 J - the +2 leather armour of the Candlemaker (worn) {Will+ Dex+3}
   (You found it on level 6 of the Dungeon)

   Dex+3:     It affects your dexterity (+3).
   Will+:     It increases your willpower.
 M - a +2 pair of boots (worn)
Jewellery
 f - a +6 ring of intelligence
 k - an amulet of the acrobat (around neck)
 o - a +6 ring of dexterity (left hand)
 z - a ring of see invisible (right hand)
 D - a ring of poison resistance
 H - a +6 ring of intelligence
Wands
 a - a wand of iceblast (6)
 c - a wand of mindburst (8)
 x - a wand of polymorph (6)
 I - a wand of acid (8)
Scrolls
 b - 7 scrolls of teleportation
 d - a scroll of enchant weapon {unknown}
 g - a scroll of revelation {unknown}
 h - 4 scrolls of vulnerability
 n - 2 scrolls of identify
 p - 2 scrolls of poison {unknown}
 q - 2 scrolls of noise {unknown}
 r - a scroll of summoning {unknown}
 s - a scroll of brand weapon {unknown}
 w - 2 scrolls of immolation {unknown}
 C - 3 scrolls of enchant armour {unknown}
 F - 3 scrolls of fog {unknown}
 G - a scroll of torment {unknown}
 N - a scroll of fear {unknown}
Potions
 e - a potion of heal wounds
 i - 2 potions of haste {unknown}
 j - 5 potions of attraction
 l - a potion of brilliance {unknown}
 u - a potion of berserk rage {unknown}
 v - 2 potions of mutation
 A - 3 potions of curing
 B - 2 potions of magic {unknown}
 K - 2 potions of might {unknown}
 L - 2 potions of cancellation {unknown}
 O - a potion of invisibility {unknown}
 P - a potion of degeneration {unknown}


   Skills:
 + Level 6.7 Fighting
 + Level 6.7 Short Blades
 + Level 6.7 Long Blades
 + Level 6.7 Axes
 + Level 6.7 Maces & Flails
 + Level 6.7 Polearms
 + Level 6.7 Staves
 + Level 6.7 Ranged Weapons
 + Level 6.7 Throwing
 + Level 6.7 Armour
 + Level 7.3 Dodging
 + Level 6.7 Stealth
 + Level 6.7 Shields
 + Level 6.7 Unarmed Combat
 + Level 7.3 Spellcasting
 + Level 5.6 Conjurations
 + Level 5.6 Hexes
 + Level 5.6 Summonings
 + Level 5.6 Necromancy
 + Level 5.6 Translocations
 + Level 5.6 Transmutations
 + Level 5.6 Fire Magic
 + Level 6.8 Ice Magic
 + Level 5.6 Air Magic
 + Level 5.6 Earth Magic
 + Level 10.4 Poison Magic
 + Level 7.4 Invocations
 + Level 7.3 Evocations
 + Level 6.1 Shapeshifting


You had 19 spell levels left.
You knew the following spells:

 Your Spells              Type           Power      Damage    Failure   Level
a - Sting                 Tmut/Pois      100%       1d8       1%          1
b - Olgreb's Toxic Radia  Pois           39%        N/A       2%          4

Your spell library contained the following spells:

 Spells                   Type           Power      Damage    Failure   Level
 Apportation              Tloc           46%        N/A       1%          1
 Freeze                   Ice            100%       1d10      1%          1
 Cigotuvi's Dreadful Rot  Necr/Pois/Air  58%        N/A       1%          2
 Ensorcelled Hibernation  Hex/Ice        50%        N/A       1%          2
 Poisonous Vapours        Pois/Air       62%        N/A       1%          2
 Jinxbite                 Hex            46%        N/A       2%          2
 Scorch                   Fire           46%        2d6       2%          2
 Sublimation of Blood     Necr           23%        N/A       2%          2
 Wereblood                Tmut           23%        N/A       2%          2
 Frozen Ramparts          Ice            54%        1d9       2%          3
 Call Canine Familiar     Summ           23%        N/A       4%          3
 Inner Flame              Hex/Fire       23%        N/A       4%          3
 Sigil of Binding         Hex            23%        N/A       4%          3
 Anguish                  Hex/Necr       11%        N/A       16%         4
 Dimensional Bullseye     Hex/Tloc       11%        N/A       16%         4
 Flame Wave               Conj/Fire      23%        2d8       16%         4
 Leda's Liquefaction      Hex/Erth       11%        N/A       16%         4
 Sticky Flame             Conj/Fire      23%        2d4       16%         4
 Alistair's Intoxication  Tmut/Pois      20%        N/A       16%         5
 Summon Cactus Giant      Summ           11%        N/A       94%         6
 Summon Hydra             Summ           11%        N/A       100%        7


Dungeon Overview and Level Annotations

Branches:
Dungeon (11/15)            Temple (0/1) D:5             Orc (1/2) D:10
Ossuary (visited)
   Lair: D:8-11

Altars:
Dithmenos
Fedhas
Gozag
Nemelex Xobeh
Okawaru
Qazlal
Sif Muna
Trog
Uskayaw
Wu Jian
Xom
Yredelemnul
The Shining One

Shops:
D:5 (   D:6 !   D:8 [   D:9 :

Portals:
Trove: D:10 (give 7 scrolls of fog)

Annotations:
D:8 3 runed translucent doors, tinfoiltophat's ghost, novice DjFE


Innate Abilities, Weirdness & Mutations

You have very sharp teeth.
Your uncanny sense of smell can sniff out nearby items.
Your experience applies equally to all skills.


Message History

Your +10 falchion of Ambiguity {spect, rPois Dex+3 Stlth+} barely misses the orc knight.
The orc warrior shouts!
The orc knight looks more healthy.
An orc comes into view. It is wielding a +0 club.
The orc knight roars a battlecry!
The orcs go into a battle-frenzy!
You hear a howl!
You hit the orc knight.
The orc knight is lightly wounded.
Your +10 falchion of Ambiguity {spect, rPois Dex+3 Stlth+} hits the orc knight!
The orc knight closely misses you.
Unknown command.
Your +10 falchion of Ambiguity {spect, rPois Dex+3 Stlth+} disappears.
The orc warrior is no longer distracted by gold.
Things that are here:
6 gold pieces; a +0 flail; a +0 leather armour The orc wizard mumbles some strange words.
The orc wizard flickers and vanishes for a moment.
The orc warrior hits you with a +0 hand axe.
The orc warrior closely misses you. The orc knight completely misses you.
There is a staircase back to the Dungeon, spattered with blood here.
The orc wizard misses you.
The orc warrior hits you with a +0 hand axe!!
The orc misses you. The orc knight misses you.
You climb upwards.
Welcome back to the Dungeon!
There is a staircase to the Orcish Mines here.
The orc warrior completely misses you.
The orc warrior is no longer covered in acid.
The orc warrior no longer looks unusually strong.
The orc knight roars a battlecry!
The orc warrior goes into a battle-frenzy!
The orc warrior attacks as it pursues you!
The orc warrior hits you with a +0 hand axe!
* * * LOW HITPOINT WARNING * * *
The orc wizard no longer looks unusually strong.
The orc warrior no longer looks unusually strong.
The orc knight attacks as it pursues you!
The orc knight hits you with a +2 great sword!!
You die...
Your body crumbles into a pile of gold.

#####.###
#...................... #.#
#.........######....... #.#
#...................### #.#
#....<....######.#### #.#
#.........####...#
####.#####.........#......# #
#..........##...####.##..## ##
#.........###.#.........## ####.
#......####....@####..### ##....
#......#...).8[o...#.## #..###
#(.....#...).o[o...#### ##.##
#...........)..o......####..####
#.......8..(.>[)..8...).........
#...................######.#####
#......#.).........#.## ##.# #
########.....8.....#..###..#
####.....#####.#...##


You could see an orc knight, 2 orc warriors and an orc wizard (invisible).

Vanquished Creatures
  2 two-headed ogres (D:9)
  Pikel (D:8)
  An orc knight (Orc:1)
  Jeremiah (D:7)
  An unseen horror (D:8)
  3 trolls
  Sigmund (D:4)
  2 shadows (D:10)
  2 wyverns (D:9)
  2 steam dragons
  4 yaks (D:5)
  Grum (D:9)
  A basilisk (D:8)
  4 vampire mosquitoes (D:9)
  Edmund (D:5)
  6 orc warriors
  2 sky beasts
  3 water moccasins
  4 ice beasts
  3 black bears
  3 ogres
  4 wolves
  2 centaurs
  4 lemures (D:8)
  An elf zombie (Ossuary)
  A bullfrog (D:7)
  4 gnoll sergeants
  3 scorpions (D:5)
  22 killer bees
  6 howler monkeys (D:9)
  A jelly (D:8)
  6 orc priests
  8 hounds (D:6)
  5 gnoll boudas
  3 iguanas
  9 orc wizards
  3 mummies
  44 gnolls
  5 adders
  2 shadow imps
  3 white imps
  An ufetubus (D:6)
  2 dart slugs
  37 orcs
  3 bats
  2 endoplasms (D:1)
  2 giant cockroaches (D:1)
  2 gnoll zombies (Ossuary)
  8 hobgoblins (D:1)
  7 jackals (D:6)
  10 kobolds
  3 quokkas
  5 ball pythons
  3 frilled lizards
  7 goblins
  5 goblin zombies (Ossuary)
  3 hobgoblin zombies (Ossuary)
  3 orc zombies (Ossuary)
  8 rats
295 creatures vanquished.

Notes
Turn   | Place    | Note
-------+----------+-------------------------------------------
     0 | D:1      | randomguy2701 the Gnoll Wanderer began the quest for the
                  | Orb.
     0 | D:1      | randomguy2701 set off with the following items: a +0
                  | dagger, a scroll of teleportation, a +0 robe, a +0 helmet;
                  | and the following spells available to memorise: Sting,
                  | Freeze, Poisonous Vapours, Cigotuvi's Dreadful Rot, Frozen
                  | Ramparts.
     0 | D:1      | Reached XP level 1. HP: 13/13 MP: 4/4
    35 | D:1      | Learned a level 1 spell: Sting
    68 | D:1      | Reached XP level 2. HP: 5/19 MP: 1/5
   131 | D:1      | You fall into a shaft and drop 1 floor!
   526 | D:1      | Reached XP level 3. HP: 23/25 MP: 1/7
  1270 | D:2      | Reached skill level 1 in Invocations
  1382 | D:2      | Reached skill level 1 in Fighting
  1382 | D:2      | Reached skill level 1 in Short Blades
  1382 | D:2      | Reached skill level 1 in Long Blades
  1382 | D:2      | Reached skill level 1 in Axes
  1382 | D:2      | Reached skill level 1 in Maces & Flails
  1382 | D:2      | Reached skill level 1 in Polearms
  1382 | D:2      | Reached skill level 1 in Staves
  1382 | D:2      | Reached skill level 1 in Ranged Weapons
  1382 | D:2      | Reached skill level 1 in Throwing
  1382 | D:2      | Reached skill level 1 in Armour
  1382 | D:2      | Reached skill level 1 in Stealth
  1382 | D:2      | Reached skill level 1 in Shields
  1382 | D:2      | Reached skill level 1 in Unarmed Combat
  1436 | D:2      | Reached XP level 4. HP: 32/32 MP: 6/8
  1547 | D:2      | Reached skill level 1 in Shapeshifting
  1881 | D:2      | Reached skill level 1 in Conjurations
  1881 | D:2      | Reached skill level 1 in Hexes
  1881 | D:2      | Reached skill level 1 in Summonings
  1881 | D:2      | Reached skill level 1 in Necromancy
  1881 | D:2      | Reached skill level 1 in Translocations
  1881 | D:2      | Reached skill level 1 in Transmutations
  1881 | D:2      | Reached skill level 1 in Fire Magic
  1881 | D:2      | Reached skill level 1 in Air Magic
  1881 | D:2      | Reached skill level 1 in Earth Magic
  2528 | D:3      | Found a sparkling altar of Nemelex Xobeh.
  3105 | D:4      | Reached XP level 5. HP: 37/37 MP: 5/9
  3353 | D:4      | Noticed an ogre
  3444 | D:4      | Killed an ogre
  3445 | D:4      | Reached XP level 6. HP: 23/44 MP: 8/11
  3593 | D:4      | Found an opulent altar of Gozag.
  3724 | D:4      | Noticed Sigmund
  3735 | D:4      | Killed Sigmund
  3736 | D:4      | Reached skill level 9 in Poison Magic
  3924 | D:4      | Reached XP level 7. HP: 41/50 MP: 6/12
  4155 | D:4      | Became a worshipper of Gozag Ym Sagoz the Greedy
  4232 | D:5      | Entered Level 5 of the Dungeon
  4601 | D:5      | Found Iruoheu's Antique Weapon Emporium.
  4973 | D:5      | Bought an ancient falchion for 248 gold pieces
  4973 | D:5      | Identified the +10 falchion of Ambiguity {spect, rPois
                  | Dex+3 Stlth+} (You bought it in a shop on level 5 of the
                  | Dungeon)
  5026 | D:5      | Reached XP level 8. HP: 55/57 MP: 9/14
  5124 | D:5      | Found a glowing golden altar of the Shining One.
  5182 | D:5      | Noticed a yak
  5182 | D:5      | Noticed a yak
  5182 | D:5      | Noticed a yak
  5193 | D:5      | Learned a level 4 spell: Olgreb's Toxic Radiance
  5209 | D:5      | Killed a yak
  5217 | D:5      | Killed a yak
  5217 | D:5      | Noticed a yak
  5223 | D:5      | Killed a yak
  5237 | D:5      | Killed a yak
  5441 | D:5      | Reached skill level 5 in Ice Magic
  5476 | D:5      | Noticed Edmund
  5483 | D:5      | Killed Edmund
  5484 | D:5      | Reached XP level 9. HP: 65/65 MP: 13/16
  5523 | D:5      | Found a staircase to the Ecumenical Temple.
  5788 | D:6      | Reached skill level 5 in Spellcasting
  5900 | D:6      | Reached skill level 5 in Dodging
  5900 | D:6      | Reached skill level 5 in Evocations
  6298 | D:6      | Reached skill level 5 in Invocations
  6436 | D:6      | Found Fiekushra's Distillery.
  6437 | D:6      | Identified the +0 rapier of Vidorphu {protect, rC+}
  6705 | D:6      | Found a stormy altar of Qazlal.
  6707 | D:6      | Found a bloodstained altar of Trog.
  6734 | D:6      | Identified the +2 leather armour of the Candlemaker {Will+
                  | Dex+3}
  6994 | D:6      | Reached XP level 10. HP: 68/73 MP: 9/18
  7197 | D:6      | Identified the +3 war axe of the Vestibule of Hell {elec,
                  | Drain rElec rN+++ Will+}
  7368 | D:7      | Noticed Jeremiah
  7380 | D:7      | Killed Jeremiah
  7381 | D:7      | Reached skill level 5 in Fighting
  7381 | D:7      | Reached skill level 5 in Short Blades
  7381 | D:7      | Reached skill level 5 in Long Blades
  7381 | D:7      | Reached skill level 5 in Axes
  7381 | D:7      | Reached skill level 5 in Maces & Flails
  7381 | D:7      | Reached skill level 5 in Polearms
  7381 | D:7      | Reached skill level 5 in Staves
  7381 | D:7      | Reached skill level 5 in Ranged Weapons
  7381 | D:7      | Reached skill level 5 in Throwing
  7381 | D:7      | Reached skill level 5 in Armour
  7381 | D:7      | Reached skill level 5 in Stealth
  7381 | D:7      | Reached skill level 5 in Shields
  7381 | D:7      | Reached skill level 5 in Unarmed Combat
  7490 | D:7      | Found an iron altar of Okawaru.
  7495 | D:7      | Identified the +4 mace of Saiwiti {elec, Fragile rPois
                  | rN+++ rCorr}
  7616 | D:7      | Found a blossoming altar of Fedhas.
  7993 | D:7      | Found a shimmering altar of Xom.
  7998 | D:7      | Found a hide-covered altar of Uskayaw.
  8110 | D:8      | Found a sand-covered staircase.
  8119 | Ossuary  | Entered an ossuary
  8343 | D:8      | Noticed Pikel
  8352 | D:8      | Killed Pikel
  8402 | D:8      | Found a shadowy altar of Dithmenos.
  8499 | D:8      | Reached skill level 5 in Shapeshifting
  8722 | D:8      | Reached skill level 10 in Poison Magic
  8816 | D:8      | Identified the +4 falchion "Itsied" {speed, Will+ Int+4}
  8893 | D:8      | Killed an unseen horror
  9052 | D:8      | Found a runed translucent gate.
  9053 | D:8      | Found a runed translucent gate.
  9054 | D:8      | Noticed tinfoiltophat's ghost (novice DjFE)
  9055 | D:8      | Found a runed translucent gate.
  9055 | D:8      | Noticed a nine-headed hydra
  9675 | D:9      | Noticed a two-headed ogre
  9682 | D:9      | Killed a two-headed ogre
  9683 | D:9      | Reached XP level 11. HP: 81/81 MP: 2/21
  9891 | D:9      | Noticed Grum
  9900 | D:9      | Reached skill level 5 in Conjurations
  9900 | D:9      | Reached skill level 5 in Hexes
  9900 | D:9      | Reached skill level 5 in Summonings
  9900 | D:9      | Reached skill level 5 in Necromancy
  9900 | D:9      | Reached skill level 5 in Translocations
  9900 | D:9      | Reached skill level 5 in Transmutations
  9900 | D:9      | Reached skill level 5 in Fire Magic
  9900 | D:9      | Reached skill level 5 in Air Magic
  9900 | D:9      | Reached skill level 5 in Earth Magic
  9900 | D:9      | Killed Grum
  9911 | D:9      | Found an ornate altar of the Wu Jian Council.
 10087 | D:9      | Found a shimmering blue altar of Sif Muna.
 10120 | D:9      | Found Zuxzuteg's Book Emporium.
 10168 | D:9      | Noticed a two-headed ogre
 10184 | D:9      | Killed a two-headed ogre
 10494 | D:10     | Entered Level 10 of the Dungeon
 10496 | D:10     | Found a staircase to the Orcish Mines.
 10727 | D:10     | Found a portal to a secret trove of treasure.
 10967 | D:10     | Found a basalt altar of Yredelemnul.
 11373 | Orc:1    | Entered Level 1 of the Orcish Mines
 11378 | Orc:1    | Noticed an orc knight
 11394 | Orc:1    | Killed an orc knight
 11401 | Orc:1    | Noticed an orc knight
 11408 | Orc:1    | Noticed an orc sorcerer
 11418 | D:10     | Slain by an orc knight

Illustrated notes

Levels and vault maps discovered:
D:1:      kennysheep_arrival_forest, layout_basic, skrybe_limestone_x
D:2:      layout_loops_ring
D:3:      layout_basic, lemuel_crystal_altar, kennysheep_cross_room,
          kennysheep_nub, chequers_serial_rivers_room_a
D:4:      layout_basic, amcnicky_altar_gilded, uniq_sigmund
D:5:      layout_rooms, nicolae_tso_swordbearing_angel,
          minmay_temple_entry_glassed_door, serial_shops,
          nicolae_shop_tiny_waterfront, uniq_edmund
D:6:      layout_cave_pools, jmf_multi_god_temple, serial_gnoll_camp,
          gnoll_camp_mini_loothouse, gnoll_camp_mini_doghouse,
          gnoll_camp_mini_doghouse, gnoll_camp_medium_01, gnoll_camp_medium_02,
          gnoll_camp_mini_hut, serial_shops, nicolae_diamond_shop
D:7:      layout_cave_pools, okawaru_ov_weapons_minmay, old_standard_altar,
          amethyst_overflow_temple_binary, uniq_jeremiah
D:8:      layout_loops_corners, nicolae_dithmenos_the_darkroom, serial_glass,
          glass_columns_c, glass_columns_a, gammafunk_ghost_hydra_chop,
          gup_ossuary_entry_pyramid, uniq_pikel
D:9:      layout_roguey, mainiacjoe_overflow_brackets,
          nicolae_sif_muna_little_library, serial_shops,
          nicolae_shop_waterfront, uniq_grum
D:10:     layout_rooms, mainiacjoe_overflow_small_starburst, david_orc_2,
          enter_trove_6
D:11:     layout_roguey, dpeg_oklobed_lair, dreamdust_mushroom_princess
Orc:1:    layout_diamond_mine

Skill      XL: |  1  2  3  4  5  6  7  8  9 10 11 |
---------------+----------------------------------+-----
Invocations    | 1 2 3 4 5 6 7 |  7.4
Fighting       | 1 2 3 4 5 6 |  6.7
Short Blades   | 1 2 3 4 5 6 |  6.7
Long Blades    | 1 2 3 4 5 6 |  6.7
Axes           | 1 2 3 4 5 6 |  6.7
Maces & Flails | 1 2 3 4 5 6 |  6.7
Polearms       | 1 2 3 4 5 6 |  6.7
Staves         | 1 2 3 4 5 6 |  6.7
Ranged Weapons | 1 2 3 4 5 6 |  6.7
Throwing       | 1 2 3 4 5 6 |  6.7
Armour         | 1 2 3 4 5 6 |  6.7
Stealth        | 1 2 3 4 5 6 |  6.7
Shields        | 1 2 3 4 5 6 |  6.7
Unarmed Combat | 1 2 3 4 5 6 |  6.7
Shapeshifting  | 1 2 3 4 5 6 |  6.1
Spellcasting   | 3 4 5 6 7 |  7.3
Conjurations   | 1 2 3 4 5 |  5.6
Hexes          | 1 2 3 4 5 |  5.6
Summonings     | 1 2 3 4 5 |  5.6
Necromancy     | 1 2 3 4 5 |  5.6
Translocations | 1 2 3 4 5 |  5.6
Transmutations | 1 2 3 4 5 |  5.6
Fire Magic     | 1 2 3 4 5 |  5.6
Air Magic      | 1 2 3 4 5 |  5.6
Earth Magic    | 1 2 3 4 5 |  5.6
Dodging        | 3 4 5 6 7 |  7.3
Evocations     | 3 4 5 6 7 |  7.3
Ice Magic      | 4 5 6 |  6.8
Poison Magic   | 9 10 | 10.4

Action                     |  1- 3 |  4- 6 |  7- 9 | 10-12 || total
---------------------------+-------+-------+-------+-------++-------
  Melee: Dagger            |    29 |    15 |       |       ||    44
         Bite              |     2 |     2 |    10 |    20 ||    34
         Flail             |       |       |    11 |       ||    11
         Falchion          |       |       |    76 |   168 ||   244
         Punch             |       |       |     2 |     5 ||     7
   Cast: Sting             |    54 |    85 |    96 |     3 ||   238
         Olgreb's Toxic Ra |       |       |    26 |    43 ||    69
 Invoke: Call Merchant     |       |       |       |     1 ||     1
  Evoke: Wand              |       |       |       |     1 ||     1
    Use: Scroll            |       |       |       |     5 ||     5
         Potion            |       |       |       |     1 ||     1
   Stab: Sleeping          |       |       |     1 |     8 ||     9
         Distracted        |       |       |       |     3 ||     3
 Armour: Robe              |    33 |    22 |    69 |       ||   124
         Leather armour    |       |       |       |    77 ||    77
  Dodge: Dodged            |    41 |    43 |   102 |   140 ||   326

Table legend: (Time is in decaauts)
 A = Elapsed time spent in this place.
 B = Non-inter-level travel time spent in this place.
 C = Inter-level travel time spent in this place.
 D = Time resting spent in this place.
 E = Time spent auto-exploring this place.
 F = Levels seen in this place.
 G = Mean time per level.
                   A        B        C        D        E       F      G
               +--------+--------+--------+--------+--------+-----+--------+
         Total |  11426 |  11011 |    415 |     32 |   9279 |  13 |  878.9 |
       Dungeon |  11212 |  10797 |    415 |     32 |   9170 |  11 | 1019.3 |
  Orcish Mines |     40 |     40 |      0 |      0 |      0 |   1 |   40.0 |
       Ossuary |    173 |    173 |      0 |      0 |    109 |   1 |  173.0 |
               +--------+--------+--------+--------+--------+-----+--------+

Top non-repeatable levels by time:
     D:6: 1696 daAuts
     D:4: 1451 daAuts
     D:8: 1432 daAuts
     D:1: 1274 daAuts
     D:5: 1207 daAuts
     D:3: 914 daAuts
    D:10: 856 daAuts
     D:9: 818 daAuts
     D:2: 812 daAuts
     D:7: 725 daAuts
 Ossuary: 173 daAuts
   Orc:1: 40 daAuts
    D:11: 24 daAuts
